 Dungeon Crawl Stone Soup version 0.28.0 (webtiles) character file.

Game seed: 9130865261974214079

3274 RascalDebosk the Grave Robber (level 9, -9/64 HPs)
             Began as a Demonspawn Necromancer on Feb 7, 2022.
             Was an Initiate of Yredelemnul.
             Mangled by a vampire (11 damage)
             ... in a bailey.
             The game lasted 02:26:56 (10780 turns).

RascalDebosk the Grave Robber (DsNe)               Turns: 10780, Time: 02:26:56

Health: -9/64      AC:  6    Str: 15    XL:     9   Next: 68%
Magic:  16/16      EV: 13    Int: 21    God:    Yredelemnul [......]
Gold:   303        SH:  0    Dex: 13    Spells: 1/18 levels left

rFire   . . .      SeeInvis .   k - +1 lajatang (speed)
rCold   . . .      Faith    .   (shield currently unavailable)
rNeg    . . .      Spirit   .   e - +0 steam dragon scales
rPois   .          Reflect  .   (helmet restricted)
rElec   .          Harm     .   v - +0 cloak
rCorr   .          Rampage  .   (no gloves)
Will    .....                   (no boots)
Stlth   +++.......              j - amulet of magic regeneration
HPRegen 0.20/turn               w - +6 ring of strength
MPRegen 0.55/turn               m - ring of flight

@: flying
A: antennae 2, claws 1, demonic guardian 1, spiny 1, weakness stinger 1
a: Renounce Religion, Recall Undead Harvest


You were in a bailey.
You worshipped Yredelemnul.
Yredelemnul was noncommittal.
You visited 1 branch of the dungeon, and saw 7 of its levels.
You also visited: Bailey.

You collected 303 gold pieces.

Inventory:

Hand Weapons
 b - a +1 short sword of draining
 d - a +0 dagger
 k - a +1 lajatang of speed (weapon)
 u - a +4 quarterstaff of chaos
Armour
 e - +0 steam dragon scales (worn)
 v - a +0 cloak (worn)
 y - a +2 robe of willpower
Jewellery
 f - an amulet of the acrobat
 i - a ring of protection from cold
 j - an amulet of magic regeneration (around neck)
 l - a ring of see invisible
 m - a ring of flight (right claw)
 p - a ring of protection from fire
 q - an amulet of reflection
 w - a +6 ring of strength (left claw)
Scrolls
 c - 6 scrolls of teleportation
 n - a scroll of amnesia
 o - a scroll of fog
 r - 2 scrolls of vulnerability
 s - a scroll of torment {unknown}
 A - a scroll of identify
Potions
 a - 2 potions of flight
 g - 4 potions of mutation
 h - a potion of might
 t - 2 potions of curing
 x - a potion of attraction
 z - a potion of magic {unknown}
 C - a potion of invisibility {unknown}


   Skills:
 + Level 3.4 Fighting
 + Level 3.1 Short Blades
 - Level 1.7 Staves
 + Level 3.3 Armour
 + Level 3.8 Dodging
 + Level 4.7 Stealth
 + Level 5.0 Spellcasting
 * Level 4.3 Hexes
 * Level 7.5 Necromancy
 * Level 2.9 Fire Magic
 + Level 4.9 Invocations


You had one spell level left.
You knew the following spells:

 Your Spells              Type           Power      Damage    Failure   Level
a - Pain                  Necr           100%       1d9       1%          1
b - Vampiric Draining     Necr           36%        2d8       1%          3
c - Animate Dead          Necr           18%        N/A       4%          4
d - Agony                 Necr           36%        N/A       14%         5
e - Foxfire               Conj/Fire      44%        2x1d6     6%          1
f - Inner Flame           Hex/Fire       20%        N/A       8%          3

Your spell library contained the following spells:

 Spells                   Type           Power      Damage    Failure   Level
 Animate Skeleton         Necr           72%        N/A       1%          1
 Magic Dart               Conj           20%        1d4       11%         1
 Corpse Rot               Necr/Air       42%        N/A       3%          2
 Ensorcelled Hibernation  Hex/Ice        28%        N/A       7%          2
 Call Imp                 Summ           5%         N/A       16%         2
 Passwall                 Tmut/Erth      4%         N/A       16%         2
 Poisonous Vapours        Pois/Air       10%        N/A       16%         2
 Conjure Flame            Conj/Fire      11%        6-21      19%         3
 Mephitic Cloud           Conj/Pois/Air  5%         N/A       32%         3
 Ozocubu's Armour         Ice            5%         N/A       32%         3
 Swiftness                Air            5%         N/A       32%         3
 Flame Wave               Conj/Fire      11%        2d5       52%         4
 Airstrike                Air            2%         N/A       71%         4
 Summon Lightning Spire   Summ/Air       5%         N/A       71%         4
 Metabolic Englaciation   Hex/Ice        7%         N/A       77%         5
 Fireball                 Conj/Fire      5%         3d5       86%         5
 Iskenderun's Battlesphe  Conj           5%         2d6       96%         5
 Lightning Bolt           Conj/Air       2%         1d14      96%         5
 Simulacrum               Ice/Necr       10%        N/A       98%         6
 Conjure Ball Lightning   Conj/Air       2%         3x3d6     100%        6
 Orb of Destruction       Conj           2%         9d5       100%        7


Dungeon Overview and Level Annotations

Branches:
Dungeon (7/15)             Temple (0/1) D:6          Bailey (1/1)

Altars:
Yredelemnul


Innate Abilities, Weirdness & Mutations

You have a pair of antennae on your head.
You have sharp fingernails.
A weak demonic guardian rushes to your aid.
You are partially covered in sharp spines.
You have a small tail.


Message History

The gargoyle is almost destroyed.
The gargoyle is struck by your spines.
You destroy the gargoyle!
Your Spellcasting skill increases to level 5!
You see here a +0 morningstar.
You reach down and open the large door.
A vampire comes into view. It is wielding a +0 vampiric halberd.
Found 2 red potions.
The vampire casts a spell.
The vampire flickers and vanishes!
Deactivating autopickup; reactivate with Ctrl-A.
There is a large open door here.
Found a potion of might.
A vampire comes into view. It is wielding a +5 vampiric halberd.
Found a translucent troll leather armour and a shiny chain mail.
Something hits you. Something bites you but does no damage.
You closely miss something. Something barely misses you. Something bites you!
Something draws strength from your injuries!
You hit something but do no damage.
Your tail-slap misses something.
Something hits you!
A demonic guardian appears!
Something completely misses you.
You closely miss something. Something hits you. Something bites you!
Something draws strength from your injuries!
You slash something! You closely miss something. Something hits you!
* * * LOW HITPOINT WARNING * * *
Something bites you but does no damage. Something hits you!
* * * LOW HITPOINT WARNING * * *
There is a large open door here.
Your quasit bites something but does no damage.
Your quasit barely misses something.
Your quasit closely misses something.
Something hits you.
* * * LOW HITPOINT WARNING * * *
Your quasit bites something but does no damage.
Your quasit closely misses something.
Your quasit claws something but does no damage.
Something hits you!
You die...
Your body rises from the dead as a mindless zombie.

##### #...# ###### ####...#
######....##
#####..)...#####..##.....!#
....#..#####..8#..#5..##.5V#
....#)##.......#..{..## [#
...)).......♣..#..'..#
##))...........#@.#...#
...).♣...♣.....#..##.....!
......♣........#...##...8#
##......♣.♣...##....######
#............##......8#
+....♣.♣....##...##...#
#..♣.....♣...#..).##).#
#..).♣♣......##....#..#
#.............##...#..#


You could see a friendly quasit (summoned).

Vanquished Creatures
  A gargoyle (Bailey)
  3 yaks
  Edmund (D:5)
  Menkaure (D:7)
  A steam dragon (D:6)
  Duvessa (D:3)
  A water moccasin (D:6)
  A necrophage (D:6)
  A centaur (D:7)
  A phantom (D:6)
  2 scorpions
  Dowan (D:4)
  5 vampire bats (Bailey)
  3 wights (D:6)
  6 wolf zombies (Bailey)
  A howler monkey (D:5)
  A bullfrog zombie (D:5)
  3 hounds
  A jelly (D:5)
  2 centaur skeletons (D:7)
  Crazy Yiuf (D:2)
  A bullfrog skeleton (D:5)
  Ijyb (D:3)
  3 iguanas
  Natasha (thrice) (D:2)
  Robin (D:2)
  A howler monkey skeleton (D:5)
  6 adders
  A shadow imp (D:5)
  3 worms
  3 dart slugs
  16 orcs
  9 ball pythons
  14 endoplasms
  3 giant cockroaches
  14 goblins
  5 hobgoblins
  4 jackals (D:1)
  6 kobolds
  6 quokkas
  3 bats
  5 frilled lizards
  20 orc zombies (Bailey)
  5 rats
171 creatures vanquished.

Vanquished Creatures (collateral kills)
  Blork the orc (D:4)
  A wyvern zombie (D:5)
  2 wights (D:6)
  A jelly (D:7)
  An orc zombie (Bailey)
  A white imp (D:6)
  An orc (D:7)
  3 goblins
  2 hobgoblins (D:7)
13 creatures vanquished.

Vanquished Creatures (others)
  A hound zombie (D:7)
  An orc zombie (D:7)
  153 foxfires
  10 fungi (D:6)
165 creatures vanquished.

Grand Total: 349 creatures vanquished

Notes
Turn   | Place    | Note
-------+----------+-------------------------------------------
     0 | D:1      | RascalDebosk the Demonspawn Necromancer began the quest for
                  | the Orb.
     0 | D:1      | Reached XP level 1. HP: 13/13 MP: 3/3
   168 | D:1      | Gained mutation: You are partially covered in sharp spines.
                  | [demonic ancestry]
   168 | D:1      | Reached XP level 2. HP: 17/19 MP: 1/5
   721 | D:1      | Reached XP level 3. HP: 17/25 MP: 4/6
   831 | D:1      | Reached skill level 1 in Invocations
  1075 | D:1      | Learned a level 3 spell: Vampiric Draining
  1629 | D:2      | Gained mutation: A weak demonic guardian rushes to your
                  | aid. [demonic ancestry]
  1629 | D:2      | Reached XP level 4. HP: 27/31 MP: 4/7
  1646 | D:2      | Learned a level 4 spell: Animate Dead
  1774 | D:2      | Noticed Natasha
  1781 | D:2      | Killed Natasha
  1782 | D:2      | Reached skill level 1 in Fighting
  1961 | D:2      | Noticed Robin
  2012 | D:2      | Killed Robin
  2170 | D:2      | Noticed Natasha
  2176 | D:2      | Killed Natasha
  2177 | D:2      | Reached skill level 1 in Staves
  2177 | D:2      | Discovered your monstrous ancestry.
  2177 | D:2      | Gained mutation: You have sharp fingernails. [demonic
                  | ancestry]
  2177 | D:2      | Reached XP level 5. HP: 33/37 MP: 6/9
  2252 | D:2      | Reached skill level 5 in Necromancy
  2266 | D:2      | Reached skill level 1 in Armour
  2436 | D:2      | Noticed Natasha
  2446 | D:2      | Killed Natasha
  2595 | D:2      | Found a runed translucent door.
  2596 | D:2      | Noticed Crazy Yiuf
  2604 | D:2      | Killed Crazy Yiuf
  2605 | D:2      | Reached skill level 1 in Short Blades
  2809 | D:2      | Found a faded altar of an unknown god.
  3528 | D:3      | Noticed Ijyb
  3531 | D:3      | Paralysed by Ijyb for 7 turns
  3539 | D:3      | Killed Ijyb
  3661 | D:3      | Gained mutation: You have a pair of small antennae on your
                  | head. [demonic ancestry]
  3661 | D:3      | Reached XP level 6. HP: 41/43 MP: 10/10
  4019 | D:3      | You are sucked into a shaft and drop 2 floors!
  4019 | D:5      | Entered Level 5 of the Dungeon
  4034 | D:4      | Noticed Blork the orc
  4050 | D:4      | Killed Blork the orc
  4364 | D:4      | Noticed Dowan
  4364 | D:4      | Noticed Duvessa
  4510 | D:4      | Killed Dowan
  5004 | D:3      | Killed Duvessa
  5178 | D:4      | Gained mutation: You have a small tail. [demonic ancestry]
  5178 | D:4      | Reached XP level 7. HP: 31/49 MP: 9/12
  5901 | D:5      | Reached skill level 1 in Hexes
  5996 | D:5      | Noticed Edmund
  6011 | D:5      | Killed Edmund
  6167 | D:5      | Reached skill level 6 in Necromancy
  6167 | D:5      | Gained mutation: You have a pair of antennae on your head.
                  | [demonic ancestry]
  6167 | D:5      | Reached XP level 8. HP: 46/56 MP: 14/14
  6792 | D:5      | Learned a level 5 spell: Agony
  6971 | D:6      | Learned a level 1 spell: Foxfire
  7711 | D:6      | Reached skill level 1 in Fire Magic
  7713 | D:6      | Reached XP level 9. HP: 24/62 MP: 8/16
  8045 | D:6      | Found a basalt altar of Yredelemnul.
  8401 | D:6      | Became a worshipper of Yredelemnul the Dark
  8416 | D:6      | Found a staircase to the Ecumenical Temple.
  8461 | D:7      | Noticed Menkaure
  8486 | D:7      | Killed Menkaure
  8487 | D:7      | Reached skill level 7 in Necromancy
  8501 | D:7      | Learned a level 3 spell: Inner Flame
  8590 | D:7      | Reached * piety under Yredelemnul
  8780 | D:7      | Reached ** piety under Yredelemnul
  8809 | D:7      | Found a flagged portal.
  8857 | Bailey   | Entered a bailey
 10441 | Bailey   | Noticed a gargoyle
 10756 | Bailey   | Killed a gargoyle
 10757 | Bailey   | Reached skill level 5 in Spellcasting
 10779 | Bailey   | HP: 2/64 [something (4)]
 10780 | Bailey   | Mangled by a vampire

Illustrated notes

Levels and vault maps discovered:
D:1:      dpeg_arrival_simpleton_c, layout_basic
D:2:      layout_basic, shapermc_ecumenical_altar_ellora, corner_web_ring,
          minmay_randomly_rotated_circles, uniq_crazy_yiuf_cottage, uniq_robin,
          uniq_natasha
D:3:      layout_basic, uniq_ijyb
D:4:      layout_cave_pools, uniq_blork_the_orc, uniq_duvessa
D:5:      layout_basic, uniq_edmund
D:6:      layout_basic, mainiacjoe_overflow_chevrons,
          minmay_temple_entry_from_below_a, minivault_23
D:7:      layout_rooms, enter_bailey_4, uniq_menkaure
Bailey:   bailey_polearm_vampire_castle_hellmonk, bailey

Skill      XL: |  1  2  3  4  5  6  7  8  9 |
---------------+----------------------------+-----
Stealth        | 2 3 4 |  4.7
Invocations    | 1 2 3 4 |  4.9
Dodging        | 2 3 |  3.8
Fighting       | 1 2 3 |  3.4
Staves         | 1 |  1.7
Necromancy     | 5 6 7 |  7.5
Armour         | 1 2 3 |  3.3
Short Blades   | 1 2 3 |  3.1
Spellcasting   | 3 4 5 |  5.0
Hexes          | 1 3 4 |  4.3
Fire Magic     | 1 2 |  2.9

Action                   |  1- 3 |  4- 6 |  7- 9 || total
-------------------------+-------+-------+-------++-------
Melee: Dagger            |    27 |       |       ||    27
       Lajatang          |       |    32 |    12 ||    44
       Quarterstaff      |       |    25 |       ||    25
       Short sword       |       |       |   201 ||   201
       Tailslap          |       |       |    35 ||    35
       Punch             |       |       |     3 ||     3
 Cast: Pain              |    60 |    87 |    43 ||   190
       Animate Dead      |       |     1 |       ||     1
       Vampiric Draining |       |     4 |     6 ||    10
       Foxfire           |       |       |    88 ||    88
Invok: Recall Undead Har |       |       |     3 ||     3
  Use: Scroll            |       |     8 |     6 ||    14
       Potion            |       |     1 |     4 ||     5
 Stab: Sleeping          |       |     1 |     8 ||     9
       Distracted        |       |       |     1 ||     1
Armor: Robe              |     7 |    10 |    21 ||    38
       Steam dragon scal |       |       |    43 ||    43
Dodge: Dodged            |    21 |    30 |   190 ||   241
